Map: Dasan Station LE

Players

TheRussian

  • Race: Terran Terran
  • League: Silver
  • Spawn Location: 6:00

Fropez - Winner!

  • Race: Protoss Protoss
  • League: Gold
  • Spawn Location: 12:00

VOD

Have the link to the VOD?

Description

Time

  • Played on: Nov. 8, 2016, 10:44 a.m.
  • Length: 5:22
Show
View Real Time Build Order
Export as new Build Order

TheRussian Terran 

Build Orders:  

Get SALT Encoding   

  12  0:01  SCV  
  13  0:13  SCV  
  14  0:19  Supply Depot  
  14  0:25  SCV  
  15  0:41  SCV  
  16  0:48  Barracks  
  16  0:53  SCV  
  17  1:05  SCV  
  17  1:10  Refinery  
  17  1:11  Refinery  
  18  1:17  SCV  
  19  1:29  SCV  
  20  1:48  Command Center  
  20  1:51  SCV  
  21  2:00  Marine  
  22  2:03  SCV  
  23  2:09  Supply Depot  
  23  2:30  Marine, SCV  
  25  2:48  Marine  
  26  3:06  Marine  
  26  3:10  Barracks  
  20  3:24  Marine  
  20  3:25  Barracks  
  19  3:41  Marine  
  18  3:54  SCV  
  19  3:59  Marine  
  19  4:06  SCV  
  19  4:07  Marine  
  19  4:17  Marine  
  19  4:18  SCV  
  19  4:23  Marine  
  22  4:25  Marine  
  22  4:35  Marine  
  20  4:40  Marine  
  20  4:43  Marine  
  20  4:52  Barracks  
  17  4:53  Marine  
  17  4:58  Marine  
  17  4:59  SCV  
  17  5:00  Marine  
Show
View Real Time Build Order
Export as new Build Order

Fropez Protoss - Winner!

Build Orders:  

Get SALT Encoding   

  12  0:01  Probe (Chrono Boost)  
  13  0:15  Probe (Chrono Boost)  
  13  0:18  Pylon  
  14  0:26  Probe (Chrono Boost)  
  15  0:34  Assimilator  
  15  0:36  Probe (Chrono Boost)  
  16  0:47  Probe (Chrono Boost)  
  16  0:48  Gateway  
  17  1:00  Probe (Chrono Boost)  
  19  1:11  Probe (Chrono Boost)  
  19  1:13  Gateway  
  19  1:17  Pylon  
  19  1:22  Probe (Chrono Boost)  
  20  1:32  Probe (Chrono Boost)  
  21  1:35  Assimilator  
  21  1:41  Cybernetics Core  
  21  1:43  Probe (Chrono Boost)  
  22  1:53  Probe (Chrono Boost)  
  23  1:59  Pylon  
  23  2:04  Probe (Chrono Boost)  
  24  2:15  Gateway  
  24  2:17  Adept x2  
  28  2:35  Mothership Core (Chrono Boost)  
  30  2:40  Pylon  
  30  2:42  Pylon  
  30  2:53  Probe (Chrono Boost)  
  30  2:58  Adept x2  
  35  3:25  Warp Gate (Chrono Boost)  
  35  3:32  Nexus  
  35  3:35  Pylon  
  35  4:06  Pylon  
  35  4:07  Adept x3, Pylon  
  41  4:33  Twilight Council  
  41  4:37  Gateway  
  39  4:38  Gateway  
  39  4:42  Pylon  
  39  5:11  Pylon  
  37  5:14  Pylon  
  37  5:17  Pylon  
Tags
 
Matchup
PvT
Replay Pack
All Mines
Spawn Locations
Cross Positions
Add a new tag
Caveats
  • Supply blocks, unpowered buildings, or Contaminate may cause inaccurate times.
  • Supply counts are checked every 10 seconds.